 Dungeon Crawl Stone Soup version 0.27.1-34-g3ba077fa99 (webtiles) character file.

Game seed: 6612798256056342189

3512 pkoi the Grappler (level 9, -6/57 HPs)
             Began as a Black Draconian Artificer on Jan 3, 2022.
             Was a Priest of Hepliaklqana.
             Killed from afar by Erica (8 damage)
             ... with a bolt of acid
             ... on level 7 of the Dungeon.
             The game lasted 00:17:49 (10402 turns).

pkoi the Grappler (Black Draconian Artificer)      Turns: 10402, Time: 00:17:52

Health: -6/57      AC:  7    Str: 15    XL:     9   Next: 81%
Magic:  0/13       EV: 13    Int: 15    God:    Hepliaklqana [***...]
Gold:   533        SH:  0    Dex: 11    Spells: 8/8 levels left

rFire    . . .     SeeInvis .     - Unarmed
rCold    . . .     Faith    .   (no shield)
rNeg     . . .     Spirit   +   (armour unavailable)
rPois    +         Reflect  .   k - +2 hat {Will+}
rElec    +         Harm     .   (no cloak)
rCorr    .         Rampage  .   g - +1 pair of gloves
Will     +....                  (no boots)
Stlth    +.........             o - amulet of guardian spirit
HPRegen  0.19/turn              f - +4 ring of protection
MPRegen  0.13/turn              u - ring of poison resistance

@: lethally poisoned (-6 -> -11), about to teleport, corroded, slowed, very slow
A: reduced essence, breathe lightning, AC +7, unfitting armour, electricity
resistance, cold-blooded
a: Breathe Lightning, Renounce Religion, Recall Ancestor, Ancestor Identity,
Transference


You were on level 7 of the Dungeon.
You worshipped Hepliaklqana.
Hepliaklqana was most pleased with you.
You visited 2 branches of the dungeon, and saw 9 of its levels.
You also visited: Sewer.

You collected 533 gold pieces.

Inventory:

Hand Weapons
 m - a +2 dagger of electrocution
 s - a +3 long sword of flaming
Missiles
 v - 14 boomerangs of dispersal
Armour
 g - a +1 pair of gloves (worn)
 k - a +2 hat of willpower (worn)
Jewellery
 f - a +4 ring of protection (left hand)
 h - a ring of willpower
 o - an amulet of guardian spirit (around neck)
 q - a +4 ring of evasion
 u - a ring of poison resistance (right hand)
Wands
 b - a wand of flame (2) (quivered)
 c - a wand of charming (14)
 n - a wand of paralysis (9)
 r - a wand of digging (6)
 w - a wand of iceblast (6)
Scrolls
 a - 3 scrolls of enchant armour
 i - a scroll of fear
 t - a scroll of teleportation
 y - a scroll of magic mapping
Potions
 e - a potion of flight
 j - a potion of resistance {unknown}
 l - 4 potions of curing {unknown}
 p - a potion of magic
 x - a potion of might {unknown}
 z - a potion of ambrosia {unknown}
 A - a potion of cancellation {unknown}
 B - a potion of mutation {unknown}
Miscellaneous
 d - a piece from Xom's chessboard (15/15)


   Skills:
 - Level 1.1 Fighting
 + Level 4.9 Dodging
 - Level 0.8 Stealth
 + Level 10.8 Unarmed Combat
 + Level 5.5 Invocations
 - Level 6.0 Evocations


You had 8 spell levels left.
You didn't know any spells.
Your spell library contained the following spells:

 Spells                   Type           Power      Damage    Failure   Level
 Passwall                 Tmut/Erth      0%         N/A       38%         2
 Swiftness                Air            0%         N/A       63%         3
 Invisibility             Hex            0%         N/A       100%        6


Dungeon Overview and Level Annotations

Branches:
Dungeon (8/15)             Temple (1/1) D:4           Sewer (visited)
   Lair: D:8-11

Altars:
Ashenzari
Cheibriados
Elyvilon
Fedhas
Gozag
Hepliaklqana
Kikubaaqudgha
Makhleb
Nemelex Xobeh
Okawaru
Qazlal
Ru
Sif Muna
Trog
Vehumet
Wu Jian
Xom
Yredelemnul
Zin
The Shining One

Shops:
D:2 =   D:3 [   D:6 *

Annotations:
D:5 2 transporters, Antoine's ghost, amateur OpBr
D:7 2 transporters, DireWerechicken's ghost, novice DsAK
D:8 Erica


Innate Abilities, Weirdness & Mutations

Your life essence is reduced to manifest your ancestor. (-10% HP)
You can breathe wild blasts of lightning.
Your glossy black scales are hard. (AC +7)
You cannot fit into any form of body armour.
You are resistant to electric shocks. (rElec)
You are cold-blooded and may be slowed by cold attacks.


Message History

Agatha completely misses the orc.
You hear some strange, mumbled words.
A bolt of poison appears from out of thin air!
The bolt of poison hits the orc!!
The orc is poisoned.
The orc dies!
Deactivating autopickup; reactivate with Ctrl-A.
The bolt of poison hits you!
You are poisoned.
You resist.
Unknown command.
You feel very sick.
You hear a zap.
A bolt of acid appears from out of thin air!
The bolt of acid hits Agatha.
Agatha is splashed with acid.
The bolt of acid hits you!
* * * LOW HITPOINT WARNING * * *
The acid corrodes you!
You are splashed with acid!
* * * LOW HITPOINT WARNING * * *
Agatha barely misses something.
You hear a zap.
A bolt of acid appears from out of thin air!
The bolt of acid hits Agatha!
Agatha is splashed with acid.
The acid corrodes Agatha!
The bolt of acid hits you but does no damage.
The acid corrodes you!
You are splashed with acid!
* * * LOW HITPOINT WARNING * * *
As you read the scroll of teleportation, it crumbles to dust.
You feel strangely unstable.
* * * LOW HITPOINT WARNING * * *
You feel very sick.
Agatha hits something with a +0 flail.
Agatha blocks something's attack.
Agatha hits something with a +0 flail.
* * * LOW HITPOINT WARNING * * *
You feel sick.
You hear a zap.
A bolt of acid appears from out of thin air!
The bolt of acid hits Agatha!!
Agatha is splashed with acid.
Agatha is destroyed!
The bolt of acid hits you!
You die...

#.####.### #...#.# #.#.#..#.#
#.##.....# #...#.# #.#.#..#.####
#.##.#.#.# #...#.# #.#.#.##.#...
#.##.#.#.# #...#.# #.#.#....#.##
#.##.#.#.###...?.####...........#
#.##.#.#...'....{................
#.##.#.#..##.).#>######.##...#...
#.##.#.#.....#..................#
#.##.#.##.####.#@####.#####......
#..............#'#...........#.##
#.####.##.#####....#...........##
#.# #.....>.......#.............
#.# #............^#......#.#####
#.# #.##.####.....#.............
#.# #.##.##.......'.............
#.# #.............#.#..#.#.#####
#.# #.#####.#.....#......#+#####


There were no monsters in sight!

Vanquished Creatures
  A troll (D:6)
  Prince Ribbit (D:5)
  Grinder (D:5)
  An orc warrior (D:7)
  An ogre (D:4)
  A sky beast (D:5)
  An ice beast (D:5)
  A black bear (D:4)
  A necrophage (D:7)
  A centaur (D:7)
  A phantom (D:6)
  2 kobold brigands (D:6)
  3 bullfrogs
  A gnoll sergeant (D:6)
  3 scorpions
  A water moccasin skeleton (D:5)
  4 wights
  3 hounds
  2 orc priests (D:7)
  2 jellies
  A bullfrog skeleton (D:4)
  An iguana (D:6)
  2 orc wizards (D:5)
  2 hound skeletons (D:4)
  5 gnolls (D:6)
  12 adders
  A howler monkey skeleton (D:3)
  A worm (D:2)
  3 dart slugs
  5 orcs
  19 ball pythons
  22 endoplasms
  15 giant cockroaches
  5 goblins
  6 hobgoblins
  5 jackals (D:2)
  21 quokkas
  8 bats
  16 frilled lizards
  10 kobolds
  3 rats
195 creatures vanquished.

Vanquished Creatures (collateral kills)
  3 centaurs
  An ogre (D:6)
  2 scorpions
  A water moccasin skeleton (D:5)
  A bullfrog zombie (D:5)
  2 hounds
  3 orc priests
  A gnoll shaman (D:6)
  An iguana (D:6)
  2 orc wizards
  3 gnolls (D:6)
  An adder (D:5)
  2 orcs
  A frilled lizard (Sewer)
  A kobold (D:6)
25 creatures vanquished.

Vanquished Creatures (others)
  A knight (D:7)
  4 ancestors
  An orc (D:7)
  20 plants
26 creatures vanquished.

Grand Total: 246 creatures vanquished

Notes
Turn   | Place    | Note
-------+----------+-------------------------------------------
     0 | D:1      | pkoi the Draconian Artificer began the quest for the Orb.
     0 | D:1      | Reached XP level 1. HP: 16/16 MP: 1/1
    68 | D:1      | Reached skill level 1 in Unarmed Combat
   409 | D:1      | Reached XP level 2. HP: 21/23 MP: 2/2
   698 | D:1      | Reached skill level 2 in Unarmed Combat
  1561 | D:2      | Reached XP level 3. HP: 28/28 MP: 3/3
  1582 | D:2      | Reached skill level 3 in Unarmed Combat
  2045 | D:2      | Reached XP level 4. HP: 32/35 MP: 4/4
  2295 | D:2      | Found Xunob's Jewellery Shoppe.
  2377 | D:2      | Reached skill level 4 in Unarmed Combat
  2678 | D:3      | Found an ancient bone altar of Kikubaaqudgha.
  2681 | D:3      | Found a blossoming altar of Fedhas.
  2730 | D:3      | Found Notof's Antique Armour Emporium.
  2743 | D:3      | Identified a scroll of acquirement
  2743 | D:3      | Acquired a +2 hat of willpower
  3289 | D:3      | Found a glowing drain.
  3302 | D:3      | Reached XP level 5. HP: 32/40 MP: 5/5
  3312 | Sewer    | Entered a sewer
  3411 | Sewer    | Reached skill level 5 in Unarmed Combat
  4276 | Sewer    | Reached skill level 6 in Unarmed Combat
  4276 | Sewer    | Reached XP level 6. HP: 21/47 MP: 1/6
  4742 | D:4      | Found a staircase to the Ecumenical Temple.
  4764 | Temple   | Entered the Ecumenical Temple
  4852 | Temple   | Became a worshipper of Hepliaklqana the Forgotten
  4892 | D:4      | Found a white marble altar of Elyvilon.
  5092 | D:4      | Reached skill level 7 in Unarmed Combat
  5444 | D:4      | Your scales start taking on a glossy black colour.
  5444 | D:4      | Reached XP level 7. HP: 52/52 MP: 7/7
  5444 | D:4      | Gained mutation: You are resistant to electric shocks.
                  | (rElec) [Black Draconian growth]
  5546 | D:5      | Entered Level 5 of the Dungeon
  5546 | D:5      | Noticed Prince Ribbit
  5761 | D:5      | Killed Prince Ribbit
  5762 | D:5      | Reached skill level 8 in Unarmed Combat
  5907 | D:5      | Found a glowing golden altar of the Shining One.
  5938 | D:5      | Reached * piety under Hepliaklqana
  5939 | D:5      | Found a transporter.
  5942 | D:5      | Noticed Antoine's ghost (amateur OpBr)
  5956 | D:5      | Reached skill level 5 in Evocations
  5956 | D:5      | Reached XP level 8. HP: 17/53 MP: 1/8
  6749 | D:5      | Noticed Grinder
  6767 | D:5      | Reached skill level 9 in Unarmed Combat
  6778 | D:5      | Killed Grinder
  6861 | D:5      | Found a transporter.
  6885 | D:5      | Reached skill level 1 in Invocations
  7420 | D:5      | Found a sacrificial altar of Ru.
  7514 | D:5      | Reached XP level 9. HP: 57/57 MP: 10/10
  7613 | D:6      | Noticed a troll
  7791 | D:6      | Reached skill level 10 in Unarmed Combat
  7936 | D:6      | Killed a troll
  8207 | D:6      | Found Tiarpho's Assorted Antiques.
  8228 | D:6      | Found an iron altar of Okawaru.
  8831 | D:6      | Reached ** piety under Hepliaklqana
  8832 | D:6      | Remembered your ancestor Agatha as a knight
  9163 | D:6      | Found a sparkling altar of Nemelex Xobeh.
  9582 | D:7      | Found a transporter.
  9595 | D:7      | Found a transporter.
  9826 | D:7      | Reached *** piety under Hepliaklqana
  9832 | D:7      | Identified the ring "Puos Daja" {Fire Str+4 Stlth-}
  9835 | D:7      | Noticed DireWerechicken's ghost (novice DsAK)
  9896 | D:7      | Identified the ring "Jiyqabaic" {rC+ rN+}
  9992 | D:7      | Reached skill level 5 in Invocations
 10388 | D:8      | Noticed Erica
 10402 | D:7      | HP: 2/57 [poisoned by Erica (bolt of poison)]
 10402 | D:7      | Killed from afar by Erica

Illustrated notes

Levels and vault maps discovered:
D:1:      dpeg_arrival_houses_and_road, layout_loops_ring
D:2:      layout_basic, serial_shops, shop
D:3:      layout_loops_ring, grunt_temple_overflow_growth_and_decay,
          serial_shops, shop_fountains, portal_sewer_entry_d
D:4:      layout_cave_pools, elyvilon_altar_5, minmay_temple_entry_glassed_door
D:5:      layout_rooms, mainiacjoe_overflow_catch_the_wave, serial_bayou,
          serial_bayou_ford_a, serial_bayou_pond_d, serial_bayou_shore_b,
          serial_bayou_lagoon_b, gammafunk_ghost_arena,
          kennysheep_pointless_box, uniq_grinder, uniq_prince_ribbit1
D:6:      layout_gridville, nemelex_dance_club_becter, amcnicky_altar_gilded,
          serial_shops, nicolae_take_the_stairs,
          hangedman_abyss_or_decor_passed, corner_web_ring, grunt_ministairs_5,
          minivault_19, dk_vineyard_3, minmay_unpleasant_kobolds
D:7:      layout_basic, gammafunk_ghost_gnarly_gnolls, lemuel_old_faithful
D:8:      minmay_cornered_nines, layout_basic, grunt_dithmenos_shadows,
          serial_park_tiny_1, kennysheep_kite_vault, uniq_erica, uniq_maggie,
          uniq_pikel
Temple:   nicolae_temple_god_jail

Skill      XL: |  1  2  3  4  5  6  7  8  9 |
---------------+----------------------------+-----
Unarmed Combat | 1 2 3 4 6 7 8 9 10 | 10.8
Evocations     | 5 6 |  6.0
Invocations    | 2 5 |  5.5
Dodging        | 4 |  4.9
Fighting       | |  1.1
Stealth        | |  0.8

Action                   |  1- 3 |  4- 6 |  7- 9 || total
-------------------------+-------+-------+-------++-------
Melee: Club              |   110 |       |       ||   110
       Tailslap          |    19 |    30 |    42 ||    91
       Unarmed           |    53 |   444 |   284 ||   781
       Punch             |     1 |     7 |     5 ||    13
       Long sword        |       |     9 |       ||     9
Invok: Ancestor Life: Kn |       |       |     1 ||     1
       Ancestor Identity |       |       |     1 ||     1
 Abil: Breathe Lightning |       |       |     1 ||     1
Evoke: Wand              |     1 |     6 |    16 ||    23
       Piece from Xom's  |       |     2 |     2 ||     4
  Use: Scroll            |     2 |     7 |     3 ||    12
       Potion            |       |       |     2 ||     2
 Stab: Sleeping          |     3 |     2 |       ||     5
       Distracted        |       |     1 |     2 ||     3
       Paralysed         |       |     4 |     5 ||     9
Armor: Skin              |   104 |   145 |   116 ||   365
Dodge: Dodged            |   119 |   387 |   204 ||   710
